AoeStats
← Hackett Geert Kasch

Arena

510156734Analyzed
1v1 RM · 20h ago on Sep 29, 2026· 25m 29s· 2 players
Game mode
Random Map
Map size
Tiny (2 player)
Population
200
Speed
Normal
Resources
Standard
Victory
Conquest
Starting age
Dark Age
Ending age
Imperial Age
RankedLock teamsTeams togetherTeam positionsShared explorationLock speedFull tech treeHidden civsTurbo modeCheats
Victory
Defeat
🇪🇪 Ethiopians · Estonia
1076
+16
🇲🇽 Spanish · Mexico
1082
-16
Grete
10:23 Feudal Age
9:18 Loom
14:06 Castle Age
13:17 Double-Bit Axe
13:16 Horse Collar
Hackett Geert Kasch
0:27 Loom
10:01 Feudal Age
11:17 Wheelbarrow
10:29 Double-Bit Axe
10:26 Horse Collar
13:15 Gold Mining
13:22 Stone Mining
15:20 Fletching
22:10 Castle Age
Connection lost

Rejoining the realm…

Still unreachable

The connection could not be restored.

Session expired

The server has moved on; the page needs a fresh start.